Workbook

Sheet 工资汇总表
A2: 基本信息 | H2: 其他项核算 | N2: 应发核算 | R2: 社保、公积金及个税 | Y2: 实发总额 | Z2: 备注
A3: 单位名称 | B3: 月末人数 | C3: 月工资标准 | D3: 应出勤天数 | E3: 基本薪资 | F3: 绩效奖金 | G3: 年度奖金 | H3: 加班工资 | I3: 绩效考核 | J3: 假期工资 | K3: 其他 | L3: 佣金 | M3: 小计 | N3: 当月日均工资 | O3: 当月日均奖金 | P3: 实际出勤天数 | Q3: 应发总额 | R3: 养老金 | S3: 失业金 | T3: 医疗金 | U3: 大额医疗保险 | V3: 公积金 | W3: 税金 | X3: 小计
A4: 新疆通力房地产开发有限公司库尔勒二分公司 | B4: =工资表!A32 -> 29 | C4: =工资表!E33 -> 205800 | E4: =工资表!G33 -> 136380 | F4: =工资表!H33 -> 59670 | G4: =工资表!I33 -> 9750 | H4: =工资表!J33 -> 0 | I4: =工资表!K33 -> -3973 | K4: =工资表!M33 -> 900 | L4: =工资表!N33 -> 98021.98 | M4: =工资表!O33 -> 94948.98 | N4: =工资表!P33 -> 0 | O4: =工资表!Q33 -> 0 | Q4: =工资表!S33 -> 290665.65 | R4: =工资表!T33 -> 9598.32 | S4: =工资表!U33 -> 600 | T4: =工资表!V33 -> 2552.76 | U4: =工资表!W33 -> 514.83 | V4: =工资表!X33 -> 6200 | W4: =工资表!Y33 -> 6752.4 | X4: =工资表!AA33 -> 26218.31 | Y4: =工资表!AB33 -> 264447.34

Sheet 工资表
A1: 新疆通力房地产开发有限公司库尔勒二分公司2025年7月工资表
A2: 序号 | B2: 基本信息 | J2: 其他项核算 | P2: 应发核算 | T2: 社保、公积金及个税 | AB2: 实发总额 | AC2: 备注
B3: 姓名 | C3: 岗位 | D3: 职务序列 | E3: 月工资标准 | F3: 应出勤 天数 | G3: 基本薪资 | H3: 绩效奖金 | I3: 年度奖金 | J3: 加班工资 | K3: 绩效考核 | L3: 假期工资 | M3: 其他 | N3: 佣金 | O3: 小计 | P3: 当月日均工资 | Q3: 当月日均奖金 | R3: 实际出勤天数 | S3: 应发总额 | T3: 养老金 | U3: 失业金 | V3: 医疗金 | W3: 大额医疗保险 | X3: 公积金 | Y3: 税金 | Z3: 其他 | AA3: 小计
A4: 1 | B4: 李全伟 | C4: 业务支持中心副总经理 | D4: M1 | E4: 30000 | F4: 23 | G4: =E4*VLOOKUP(D4,职务序列取数!B:E,2,0) -> 15300 | H4: =E4*VLOOKUP(D4,职务序列取数!B:E,3,0) -> 10200 | I4: =E4*VLOOKUP(D4,职务序列取数!B:E,4,0) -> 4500 | K4: -2173 | O4: =SUM(J4:N4) -> -2173 | P4: =G4/F4 -> 665.21739 | Q4: =H4/F4 -> 443.47826 | R4: =VLOOKUP(B4,考勤!B:AI,34,0) -> 23 | S4: =(P4*R4)+(Q4*R4)+O4 -> 23327 | T4: 400 | U4: 25 | V4: 130.62 | W4: 19.06 | X4: 350 | Y4: 1599.93 | AA4: =SUM(T4:Z4) -> 2524.61 | AB4: =S4-AA4 -> 20802.39
A5: 2 | B5: 杨文杰 | C5: 工程管理部副经理 | D5: M2 | E5: 20000 | F5: 23 | G5: =E5*VLOOKUP(D5,职务序列取数!B:E,2,0) -> 10200 | H5: =E5*VLOOKUP(D5,职务序列取数!B:E,3,0) -> 6800 | I5: =E5*VLOOKUP(D5,职务序列取数!B:E,4,0) -> 3000 | O5: =SUM(J5:N5) -> 0 | P5: =G5/F5 -> 443.47826 | Q5: =H5/F5 -> 295.65217 | R5: =VLOOKUP(B5,考勤!B:AI,34,0) -> 23 | S5: =(P5*R5)+(Q5*R5)+O5 -> 17000 | T5: =400 -> 400 | U5: =25 -> 25 | V5: =100 -> 100 | W5: =25 -> 25 | X5: =350 -> 350 | Y5: 760 | AA5: =SUM(T5:Z5) -> 1660 | AB5: =S5-AA5 -> 15340
A6: 3 | B6: 管锡哲 | C6: 工程主管 | D6: PM | E6: 12000 | F6: 23 | G6: =E6*VLOOKUP(D6,职务序列取数!B:E,2,0) -> 8400 | H6: =E6*VLOOKUP(D6,职务序列取数!B:E,3,0) -> 3600 | I6: =E6*VLOOKUP(D6,职务序列取数!B:E,4,0) -> 0 | O6: =SUM(J6:N6) -> 0 | P6: =G6/F6 -> 365.21739 | Q6: =H6/F6 -> 156.52174 | R6: =VLOOKUP(B6,考勤!B:AI,34,0) -> 23 | S6: =(P6*R6)+(Q6*R6)+O6 -> 12000 | T6: 399.92 | U6: 25 | V6: 99.98 | W6: 25 | Y6: 148.5 | AA6: =SUM(T6:Z6) -> 698.4 | AB6: =S6-AA6 -> 11301.6
A7: 4 | B7: 徐惠蓉 | C7: 投资开发部副经理 | D7: M2 | E7: 15000 | F7: 23 | G7: =E7*VLOOKUP(D7,职务序列取数!B:E,2,0) -> 7650 | H7: =E7*VLOOKUP(D7,职务序列取数!B:E,3,0) -> 5100 | I7: =E7*VLOOKUP(D7,职务序列取数!B:E,4,0) -> 2250 | M7: 300 | O7: =SUM(J7:N7) -> 300 | P7: =G7/F7 -> 332.6087 | Q7: =H7/F7 -> 221.73913 | R7: =VLOOKUP(B7,考勤!B:AI,34,0) -> 23 | S7: =(P7*R7)+(Q7*R7)+O7 -> 13050 | Y7: 805 | AA7: =SUM(T7:Z7) -> 805 | AB7: =S7-AA7 -> 12245
A8: 5 | B8: 沈陈瑾慧 | C8: 会计 | D8: PB | E8: 7000 | F8: 23 | G8: =E8*VLOOKUP(D8,职务序列取数!B:E,2,0) -> 5600 | H8: =E8*VLOOKUP(D8,职务序列取数!B:E,3,0) -> 1400 | I8: =E8*VLOOKUP(D8,职务序列取数!B:E,4,0) -> 0 | O8: =SUM(J8:N8) -> 0 | P8: =G8/F8 -> 243.47826 | Q8: =H8/F8 -> 60.869565 | R8: =VLOOKUP(B8,考勤!B:AI,34,0) -> 23 | S8: =(P8*R8)+(Q8*R8)+O8 -> 7000 | T8: 399.92 | U8: 25 | V8: 130.62 | W8: 20.83 | X8: 250 | AA8: =SUM(T8:Z8) -> 826.37 | AB8: =S8-AA8 -> 6173.63
A9: 6 | B9: 管丽萍 | C9: 人事运营 | D9: PB | E9: 6000 | F9: 23 | G9: =E9*VLOOKUP(D9,职务序列取数!B:E,2,0) -> 4800 | H9: =E9*VLOOKUP(D9,职务序列取数!B:E,3,0) -> 1200 | I9: =E9*VLOOKUP(D9,职务序列取数!B:E,4,0) -> 0 | M9: 200 | O9: =SUM(J9:N9) -> 200 | P9: =G9/F9 -> 208.69565 | Q9: =H9/F9 -> 52.173913 | R9: =VLOOKUP(B9,考勤!B:AI,34,0) -> 23 | S9: =(P9*R9)+(Q9*R9)+O9 -> 6200 | T9: 399.92 | U9: 25 | V9: 130.62 | W9: 20.83 | X9: 250 | AA9: =SUM(T9:Z9) -> 826.37 | AB9: =S9-AA9 -> 5373.63
A10: 7 | B10: 刘科 | C10: 招采工程师 | D10: PB | E10: 7500 | F10: 23 | G10: =E10*VLOOKUP(D10,职务序列取数!B:E,2,0) -> 6000 | H10: =E10*VLOOKUP(D10,职务序列取数!B:E,3,0) -> 1500 | I10: =E10*VLOOKUP(D10,职务序列取数!B:E,4,0) -> 0 | M10: -20 | O10: =SUM(J10:N10) -> -20 | P10: =G10/F10 -> 260.86957 | Q10: =H10/F10 -> 65.217391 | R10: =VLOOKUP(B10,考勤!B:AI,34,0) -> 23 | S10: =(P10*R10)+(Q10*R10)+O10 -> 7480 | AA10: =SUM(T10:Z10) -> 0 | AB10: =S10-AA10 -> 7480 | AC10: 迟到1次
A11: 8 | B11: 高建梅 | C11: 出纳 | D11: PB | E11: 6500 | F11: 23 | G11: =E11*VLOOKUP(D11,职务序列取数!B:E,2,0) -> 5200 | H11: =E11*VLOOKUP(D11,职务序列取数!B:E,3,0) -> 1300 | I11: =E11*VLOOKUP(D11,职务序列取数!B:E,4,0) -> 0 | O11: =SUM(J11:N11) -> 0 | P11: =G11/F11 -> 226.08696 | Q11: =H11/F11 -> 56.521739 | R11: =VLOOKUP(B11,考勤!B:AI,34,0) -> 23 | S11: =(P11*R11)+(Q11*R11)+O11 -> 6500 | T11: 399.92 | U11: 25 | V11: 130.62 | W11: 20.83 | X11: 250 | AA11: =SUM(T11:Z11) -> 826.37 | AB11: =S11-AA11 -> 5673.63
A12: 9 | B12: 周佳奇 | C12: 造价工程师 | D12: PB | E12: 7800 | F12: 23 | G12: =E12*0.6 -> 4680 | H12: =E12*0.4 -> 3120 | I12: 0 | M12: =-20-20 -> -40 | O12: =SUM(J12:N12) -> -40 | P12: =G12/F12 -> 203.47826 | Q12: =H12/F12 -> 135.65217 | R12: =VLOOKUP(B12,考勤!B:AI,34,0) -> 23 | S12: =(P12*R12)+(Q12*R12)+O12 -> 7760 | Y12: 82.8 | AA12: =SUM(T12:Z12) -> 82.8 | AB12: =S12-AA12 -> 7677.2 | AC12: 迟到1次，未打卡一次
A13: 10 | B13: 白媛媛 | C13: 开发报建工程师 | D13: PB | E13: 4500 | F13: 23 | G13: =E13*VLOOKUP(D13,职务序列取数!B:E,2,0) -> 3600 | H13: =E13*VLOOKUP(D13,职务序列取数!B:E,3,0) -> 900 | I13: =E13*VLOOKUP(D13,职务序列取数!B:E,4,0) -> 0 | M13: =16*30-20 -> 460 | O13: =SUM(J13:N13) -> 460 | P13: =G13/F13 -> 156.52174 | Q13: =H13/F13 -> 39.130435 | R13: =VLOOKUP(B13,考勤!B:AI,34,0) -> 23 | S13: =(P13*R13)+(Q13*R13)+O13 -> 4960 | T13: 399.92 | U13: 25 | V13: 130.62 | W13: 20.83 | X13: 250 | AA13: =SUM(T13:Z13) -> 826.37 | AB13: =S13-AA13 -> 4133.63 | AC13: 未打卡一次
A14: 11 | B14: 温进进 | C14: 土建工程师 | D14: PB | E14: 13500 | F14: 23 | G14: =E14*VLOOKUP(D14,职务序列取数!B:E,2,0) -> 10800 | H14: =E14*VLOOKUP(D14,职务序列取数!B:E,3,0) -> 2700 | I14: =E14*VLOOKUP(D14,职务序列取数!B:E,4,0) -> 0 | O14: =SUM(J14:N14) -> 0 | P14: =G14/F14 -> 469.56522 | Q14: =H14/F14 -> 117.3913 | R14: =VLOOKUP(B14,考勤!B:AI,34,0) -> 23 | S14: =(P14*R14)+(Q14*R14)+O14 -> 13500 | T14: 399.92 | U14: 25 | V14: 99.98 | W14: 25 | X14: 250 | Y14: 129 | AA14: =SUM(T14:Z14) -> 928.9 | AB14: =S14-AA14 -> 12571.1
A15: 12 | B15: 尹江 | C15: 水暖工程师 | D15: PB | E15: 12000 | F15: 23 | G15: =E15*VLOOKUP(D15,职务序列取数!B:E,2,0) -> 9600 | H15: =E15*VLOOKUP(D15,职务序列取数!B:E,3,0) -> 2400 | O15: =SUM(J15:N15) -> 0 | P15: =G15/F15 -> 417.3913 | Q15: =H15/F15 -> 104.34783 | R15: =VLOOKUP(B15,考勤!B:AI,34,0) -> 23 | S15: =(P15*R15)+(Q15*R15)+O15 -> 12000 | T15: 400 | U15: 25 | V15: 100 | W15: 25 | X15: 250 | Y15: 186 | AA15: =SUM(T15:Z15) -> 986 | AB15: =S15-AA15 -> 11014
A16: 13 | B16: 王玉慧 | C16: 案场销售经理 | D16: PM | E16: 6000 | F16: 27 | G16: =E16*VLOOKUP(D16,职务序列取数!B:E,2,0) -> 4200 | H16: =E16*VLOOKUP(D16,职务序列取数!B:E,3,0) -> 1800 | I16: =E16*VLOOKUP(D16,职务序列取数!B:E,4,0) -> 0 | K16: =-1203-597 -> -1800 | N16: =13015.23 -> 13015.23 | O16: =SUM(J16:N16) -> 11215.23 | P16: =G16/F16 -> 155.55556 | Q16: =H16/F16 -> 66.666667 | R16: =VLOOKUP(B16,考勤!B:AI,34,0) -> 27 | S16: =(P16*R16)+(Q16*R16)+O16 -> 17215.23 | T16: 399.92 | U16: 25 | V16: 99.98 | W16: 20.83 | X16: 250 | Y16: 591.95 | AA16: =SUM(T16:Z16) -> 1387.68 | AB16: =S16-AA16 -> 15827.55 | AC16: 本月续扣597元
A17: 14 | B17: 谢华军 | C17: 招商专员 | D17: PB | E17: 4500 | F17: 23 | G17: =E17*VLOOKUP(D17,职务序列取数!B:E,2,0) -> 3600 | H17: =E17*VLOOKUP(D17,职务序列取数!B:E,3,0) -> 900 | I17: =E17*VLOOKUP(D17,职务序列取数!B:E,4,0) -> 0 | O17: =SUM(J17:N17) -> 0 | P17: =G17/F17 -> 156.52174 | Q17: =H17/F17 -> 39.130435 | R17: =VLOOKUP(B17,考勤!B:AI,34,0) -> 23 | S17: =(P17*R17)+(Q17*R17)+O17 -> 4500 | T17: 399.92 | U17: 25 | V17: 99.98 | W17: 20.83 | X17: 250 | AA17: =SUM(T17:Z17) -> 795.73 | AB17: =S17-AA17 -> 3704.27
A18: 15 | B18: 张志慧 | C18: 置业顾问 | D18: PA | E18: 5000 | F18: 27 | G18: 2450 | H18: =E18-G18 -> 2550 | I18: =E18*VLOOKUP(D18,职务序列取数!B:E,4,0) -> 0 | O18: =SUM(J18:N18) -> 0 | P18: =G18/F18 -> 90.740741 | Q18: =H18/F18 -> 94.444444 | R18: =VLOOKUP(B18,考勤!B:AI,34,0) -> 27 | S18: =(P18*R18)+(Q18*R18)+O18 -> 5000 | AA18: =SUM(T18:Z18) -> 0 | AB18: =S18-AA18 -> 5000
A19: 16 | B19: 张玉琴 | C19: 置业顾问 | D19: PA | E19: 3000 | F19: 27 | G19: 2450 | H19: =E19-G19 -> 550 | I19: =E19*VLOOKUP(D19,职务序列取数!B:E,4,0) -> 0 | N19: -295.2 | O19: =SUM(J19:N19) -> -295.2 | P19: =G19/F19 -> 90.740741 | Q19: =H19/F19 -> 20.37037 | R19: =VLOOKUP(B19,考勤!B:AI,34,0) -> 27 | S19: =(P19*R19)+(Q19*R19)+O19 -> 2704.8 | T19: 399.92 | U19: 25 | V19: 99.98 | W19: 20.83 | X19: 250 | AA19: =SUM(T19:Z19) -> 795.73 | AB19: =S19-AA19 -> 1909.07
A20: 17 | B20: 王荣 | C20: 置业顾问 | D20: PA | E20: 3000 | F20: 27 | G20: 2450 | H20: =E20-G20 -> 550 | I20: =E20*VLOOKUP(D20,职务序列取数!B:E,4,0) -> 0 | N20: =-3000+795.73 -> -2204.27 | O20: =SUM(J20:N20) -> -2204.27 | P20: =G20/F20 -> 90.740741 | Q20: =H20/F20 -> 20.37037 | R20: =VLOOKUP(B20,考勤!B:AI,34,0) -> 27 | S20: =(P20*R20)+(Q20*R20)+O20 -> 795.73 | T20: 399.92 | U20: 25 | V20: 99.98 | W20: 20.83 | X20: 250 | AA20: =SUM(T20:Z20) -> 795.73 | AB20: =S20-AA20 -> 0 | AC20: 下月续扣1456.94元
A21: 18 | B21: 肖陶丽 | C21: 置业顾问 | D21: PA | E21: 3000 | F21: 27 | G21: 2450 | H21: =E21-G21 -> 550 | I21: =E21*VLOOKUP(D21,职务序列取数!B:E,4,0) -> 0 | N21: 3281.07 | O21: =SUM(J21:N21) -> 3281.07 | P21: =G21/F21 -> 90.740741 | Q21: =H21/F21 -> 20.37037 | R21: =VLOOKUP(B21,考勤!B:AI,34,0) -> 27 | S21: =(P21*R21)+(Q21*R21)+O21 -> 6281.07 | T21: 399.92 | U21: 25 | V21: 99.98 | W21: 20.83 | X21: 250 | AA21: =SUM(T21:Z21) -> 795.73 | AB21: =S21-AA21 -> 5485.34
A22: 19 | B22: 李秀莲 | C22: 置业顾问 | D22: PA | E22: 3000 | F22: 27 | G22: 2450 | H22: =E22-G22 -> 550 | I22: =E22*VLOOKUP(D22,职务序列取数!B:E,4,0) -> 0 | N22: 3706.64 | O22: =SUM(J22:N22) -> 3706.64 | P22: =G22/F22 -> 90.740741 | Q22: =H22/F22 -> 20.37037 | R22: =VLOOKUP(B22,考勤!B:AI,34,0) -> 27 | S22: =(P22*R22)+(Q22*R22)+O22 -> 6706.64 | T22: 399.92 | U22: 25 | V22: 99.98 | W22: 20.83 | X22: 250 | AA22: =SUM(T22:Z22) -> 795.73 | AB22: =S22-AA22 -> 5910.91
A23: 20 | B23: 霍苒 | C23: 置业顾问 | D23: PA | E23: 5000 | F23: 27 | G23: 2450 | H23: =E23-G23 -> 2550 | I23: =E23*VLOOKUP(D23,职务序列取数!B:E,4,0) -> 0 | N23: 6091.28 | O23: =SUM(J23:N23) -> 6091.28 | P23: =G23/F23 -> 90.740741 | Q23: =H23/F23 -> 94.444444 | R23: =VLOOKUP(B23,考勤!B:AI,34,0) -> 27 | S23: =(P23*R23)+(Q23*R23)+O23 -> 11091.28 | T23: 399.92 | U23: 25 | V23: 99.98 | W23: 20.83 | X23: 250 | Y23: 79.56 | AA23: =SUM(T23:Z23) -> 875.29 | AB23: =S23-AA23 -> 10215.99
A24: 21 | B24: 连阵阵 | C24: 置业顾问 | D24: PA | E24: 3000 | F24: 27 | G24: 2450 | H24: =E24-G24 -> 550 | I24: =E24*VLOOKUP(D24,职务序列取数!B:E,4,0) -> 0 | N24: 3293.81 | O24: =SUM(J24:N24) -> 3293.81 | P24: =G24/F24 -> 90.740741 | Q24: =H24/F24 -> 20.37037 | R24: =VLOOKUP(B24,考勤!B:AI,34,0) -> 27 | S24: =(P24*R24)+(Q24*R24)+O24 -> 6293.81 | T24: 399.92 | U24: 25 | V24: 99.98 | W24: 20.83 | X24: 250 | AA24: =SUM(T24:Z24) -> 795.73 | AB24: =S24-AA24 -> 5498.08
A25: 22 | B25: 闫金秀 | C25: 置业顾问 | D25: PA | E25: 4000 | F25: 27 | G25: 2450 | H25: =E25-G25 -> 1550 | I25: =E25*VLOOKUP(D25,职务序列取数!B:E,4,0) -> 0 | N25: 19579.89 | O25: =SUM(J25:N25) -> 19579.89 | P25: =G25/F25 -> 90.740741 | Q25: =H25/F25 -> 57.407407 | R25: =VLOOKUP(B25,考勤!B:AI,34,0) -> 27 | S25: =(P25*R25)+(Q25*R25)+O25 -> 23579.89 | T25: 399.92 | U25: 25 | V25: 99.98 | W25: 20.83 | X25: 250 | Y25: 1578.41 | AA25: =SUM(T25:Z25) -> 2374.14 | AB25: =S25-AA25 -> 21205.75
A26: 23 | B26: 潘亦玹 | C26: 置业顾问 | D26: PA | E26: 3000 | F26: 27 | G26: 2450 | H26: =E26-G26 -> 550 | I26: =E26*VLOOKUP(D26,职务序列取数!B:E,4,0) -> 0 | N26: 7748.73 | O26: =SUM(J26:N26) -> 7748.73 | P26: =G26/F26 -> 90.740741 | Q26: =H26/F26 -> 20.37037 | R26: =VLOOKUP(B26,考勤!B:AI,34,0) -> 27 | S26: =(P26*R26)+(Q26*R26)+O26 -> 10748.73 | T26: 399.92 | U26: 25 | V26: 99.98 | W26: 20.83 | X26: 250 | Y26: 58.59 | AA26: =SUM(T26:Z26) -> 854.32 | AB26: =S26-AA26 -> 9894.41
A27: 24 | B27: 赵江龙 | C27: 置业顾问 | D27: PA | E27: 3000 | F27: 27 | G27: 2450 | H27: =E27-G27 -> 550 | I27: =E27*VLOOKUP(D27,职务序列取数!B:E,4,0) -> 0 | N27: 19533.7 | O27: =SUM(J27:N27) -> 19533.7 | P27: =G27/F27 -> 90.740741 | Q27: =H27/F27 -> 20.37037 | R27: =VLOOKUP(B27,考勤!B:AI,34,0) -> 27 | S27: =(P27*R27)+(Q27*R27)+O27 -> 22533.7 | T27: 399.92 | U27: 25 | V27: 99.98 | W27: 20.83 | X27: 250 | Y27: 472.14 | AA27: =SUM(T27:Z27) -> 1267.87 | AB27: =S27-AA27 -> 21265.83
A28: 25 | B28: 张新艳 | C28: 置业顾问 | D28: PA | E28: 4500 | F28: 27 | G28: 2450 | H28: =E28-G28 -> 2050 | I28: =E28*VLOOKUP(D28,职务序列取数!B:E,4,0) -> 0 | N28: 1440 | O28: =SUM(J28:N28) -> 1440 | P28: =G28/F28 -> 90.740741 | Q28: =H28/F28 -> 75.925926 | R28: =VLOOKUP(B28,考勤!B:AI,34,0) -> 27 | S28: =(P28*R28)+(Q28*R28)+O28 -> 5940 | T28: 399.92 | U28: 25 | V28: 99.98 | W28: 20.83 | X28: 250 | AA28: =SUM(T28:Z28) -> 795.73 | AB28: =S28-AA28 -> 5144.27
A29: 26 | B29: 刘宁宁 | C29: 置业顾问 | D29: PA | E29: 3000 | F29: 27 | G29: 2450 | H29: =E29-G29 -> 550 | I29: =E29*VLOOKUP(D29,职务序列取数!B:E,4,0) -> 0 | N29: 6091.4 | O29: =SUM(J29:N29) -> 6091.4 | P29: =G29/F29 -> 90.740741 | Q29: =H29/F29 -> 20.37037 | R29: =VLOOKUP(B29,考勤!B:AI,34,0) -> 27 | S29: =(P29*R29)+(Q29*R29)+O29 -> 9091.4 | X29: 250 | AA29: =SUM(T29:Z29) -> 250 | AB29: =S29-AA29 -> 8841.4
A30: 27 | B30: 米云鹤 | C30: 置业顾问 | D30: PA | E30: 3000 | F30: 27 | G30: 2450 | H30: =E30-G30 -> 550 | I30: =E30*VLOOKUP(D30,职务序列取数!B:E,4,0) -> 0 | N30: 3463.85 | O30: =SUM(J30:N30) -> 3463.85 | P30: =G30/F30 -> 90.740741 | Q30: =H30/F30 -> 20.37037 | R30: =VLOOKUP(B30,考勤!B:AI,34,0) -> 24 | S30: =(P30*R30)+(Q30*R30)+O30 -> 6130.5167 | T30: 399.92 | U30: 25 | V30: 99.98 | W30: 20.83 | X30: 250 | AA30: =SUM(T30:Z30) -> 795.73 | AB30: =S30-AA30 -> 5334.7867
A31: 28 | B31: 刘思汉 | C31: 置业顾问 | D31: PA | E31: 4000 | F31: 27 | G31: 2450 | H31: =E31-G31 -> 1550 | I31: =E31*VLOOKUP(D31,职务序列取数!B:E,4,0) -> 0 | N31: 7201 | O31: =SUM(J31:N31) -> 7201 | P31: =G31/F31 -> 90.740741 | Q31: =H31/F31 -> 57.407407 | R31: =VLOOKUP(B31,考勤!B:AI,34,0) -> 27 | S31: =(P31*R31)+(Q31*R31)+O31 -> 11201 | T31: 399.92 | U31: 25 | V31: 99.98 | W31: 20.83 | X31: 250 | Y31: 132.15 | AA31: =SUM(T31:Z31) -> 927.88 | AB31: =S31-AA31 -> 10273.12
A32: 29 | B32: 李福晴 | C32: 置业顾问 | D32: PA | E32: 4000 | F32: 27 | G32: 2450 | H32: =E32-G32 -> 1550 | I32: =E32*VLOOKUP(D32,职务序列取数!B:E,4,0) -> 0 | N32: 6074.85 | O32: =SUM(J32:N32) -> 6074.85 | P32: =G32/F32 -> 90.740741 | Q32: =H32/F32 -> 57.407407 | R32: =VLOOKUP(B32,考勤!B:AI,34,0) -> 27 | S32: =(P32*R32)+(Q32*R32)+O32 -> 10074.85 | T32: 399.92 | U32: 25 | V32: 99.98 | W32: 20.83 | X32: 250 | Y32: 128.37 | AA32: =SUM(T32:Z32) -> 924.1 | AB32: =S32-AA32 -> 9150.75
B33: 合计 | E33: =SUM(E4:E32) -> 205800 | G33: =SUM(G4:G32) -> 136380 | H33: =SUM(H4:H32) -> 59670 | I33: =SUM(I4:I32) -> 9750 | J33: =SUM(J4:J32) -> 0 | K33: =SUM(K4:K32) -> -3973 | L33: =SUM(L4:L32) -> 0 | M33: =SUM(M4:M32) -> 900 | N33: =SUM(N4:N32) -> 98021.98 | O33: =SUM(O4:O32) -> 94948.98 | S33: =SUM(S4:S32) -> 290665.65 | T33: =SUM(T4:T32) -> 9598.32 | U33: =SUM(U4:U32) -> 600 | V33: =SUM(V4:V32) -> 2552.76 | W33: =SUM(W4:W32) -> 514.83 | X33: =SUM(X4:X32) -> 6200 | Y33: =SUM(Y4:Y32) -> 6752.4 | Z33: =SUM(Z4:Z32) -> 0 | ... AB33: =SUM(AB4:AB32) -> 264447.34
A34: 注： | B34: 本月中层管理人员预留全额工资15%；徐惠蓉、管丽萍其他项为法人补助；王玉慧本月续扣上月绩效597元；刘科7月14-18日休年假，李全伟7月1-4日休年假；白媛媛其他项为办证费用，30元/户*16户。王玉慧7月需扣除绩效-2716元，本月执行-1203元，未执行的绩效共计-1513元。
B36: 单位领导： | K36: 分管领导： | R36: 审核： | AA36: 制表：

Sheet 考勤
A1: =[1]封面!A10 -> 2025年 | V1: 7 | X1: 月职工考勤表
B2: 单位: | C2: 新疆通力房地产开发有限公司库尔勒二分公司 | AK2: 45870
A3: 序号 | B3: 姓名 | C3: 职务工种 | D3: 出 勤 情 况 | AI3: 实际出勤天数 | AJ3: 公休节日天数 | AK3: 考 勤 天 数 | AZ3: 员工本人 签字
D4: =V1 -> 7 | T4: 月
D5: 1 | E5: 2 | F5: 3 | G5: 4 | H5: 5 | I5: 6 | J5: 7 | K5: 8 | L5: 9 | M5: 10 | N5: 11 | O5: 12 | P5: 13 | Q5: 14 | R5: 15 | S5: 16 | T5: 17 | U5: 18 | V5: 19 | W5: 20 | X5: 21 | Y5: 22 | Z5: 23 | AA5: 24 | AB5: 25 | AC5: 26 | AD5: 27 | AE5: 28 | AF5: 29 | AG5: 30 | AH5: 31 | AK5: 出勤√ | AL5: 出差 | AM5: 公休 | AN5: 病假 | AO5: 事假 | AP5: 旷工 | AQ5: 工伤 | AR5: 培训 | AS5: 冬休 | AT5: 休假 | AU5: 探亲 | AV5: 产假 | AW5: 陪护假 | AX5: 婚丧假 | AY5: 待岗
A6: 1 | B6: =工资表!B4 -> 李全伟 | C6: =工资表!C4 -> 业务支持中心副总经理 | D6: √ | E6: √ | F6: √ | G6: √ | H6: 公休 | I6: 公休 | J6: √ | K6: √ | L6: √ | M6: √ | N6: √ | O6: 公休 | P6: 公休 | Q6: √ | R6: √ | S6: √ | T6: √ | U6: √ | V6: 公休 | W6: 公休 | X6: √ | Y6: √ | Z6: √ | AA6: √ | AB6: √ | AC6: 公休 | AD6: 公休 | AE6: √ | AF6: √ | AG6: √ | AH6: √ | AI6: =AK6+AL6+AR6 -> 23 | AJ6: =AM6 -> 8 | AK6: =COUNTIF($D6:$AH6,"√") -> 23 | AL6: =COUNTIF($D6:$AH6,"出差") -> 0 | AM6: =COUNTIF($D6:$AH6,"公休") -> 8 | AN6: =COUNTIF($D6:$AH6,"病假") -> 0 | AO6: =COUNTIF($D6:$AH6,"事假") -> 0 | AP6: =COUNTIF($D6:$AH6,"旷工") -> 0 | AQ6: =COUNTIF($D6:$AH6,"工伤") -> 0 | AR6: =COUNTIF($D6:$AH6,"培训") -> 0 | AS6: =COUNTIF($D6:$AH6,"冬休") -> 0 | AT6: =COUNTIF($D6:$AH6,"休假") -> 0 | AU6: =COUNTIF($D6:$AH6,"探亲") -> 0 | AV6: =COUNTIF($D6:$AH6,"产假") -> 0 | AW6: =COUNTIF($D6:$AH6,"陪护假") -> 0 | AX6: =COUNTIF($D6:$AH6,"婚丧假") -> 0 | AY6: =COUNTIF($D6:$AH6,"待岗") -> 0
A7: 2 | B7: =工资表!B5 -> 杨文杰 | C7: =工资表!C5 -> 工程管理部副经理 | D7: √ | E7: √ | F7: √ | G7: √ | H7: 公休 | I7: 公休 | J7: √ | K7: √ | L7: √ | M7: √ | N7: √ | O7: 公休 | P7: 公休 | Q7: √ | R7: √ | S7: √ | T7: √ | U7: √ | V7: 公休 | W7: 公休 | X7: √ | Y7: √ | Z7: √ | AA7: √ | AB7: √ | AC7: 公休 | AD7: 公休 | AE7: √ | AF7: √ | AG7: √ | AH7: √ | AI7: =AK7+AL7+AR7 -> 23 | AJ7: =AM7 -> 8 | AK7: =COUNTIF($D7:$AH7,"√") -> 23 | AL7: =COUNTIF($D7:$AH7,"出差") -> 0 | AM7: =COUNTIF($D7:$AH7,"公休") -> 8 | AN7: =COUNTIF($D7:$AH7,"病假") -> 0 | AO7: =COUNTIF($D7:$AH7,"事假") -> 0 | AP7: =COUNTIF($D7:$AH7,"旷工") -> 0 | AQ7: =COUNTIF($D7:$AH7,"工伤") -> 0 | AR7: =COUNTIF($D7:$AH7,"培训") -> 0 | AS7: =COUNTIF($D7:$AH7,"冬休") -> 0 | AT7: =COUNTIF($D7:$AH7,"休假") -> 0 | AU7: =COUNTIF($D7:$AH7,"探亲") -> 0 | AV7: =COUNTIF($D7:$AH7,"产假") -> 0 | AW7: =COUNTIF($D7:$AH7,"陪护假") -> 0 | AX7: =COUNTIF($D7:$AH7,"婚丧假") -> 0 | AY7: =COUNTIF($D7:$AH7,"待岗") -> 0
A8: 3 | B8: =工资表!B6 -> 管锡哲 | C8: =工资表!C6 -> 工程主管 | D8: √ | E8: √ | F8: √ | G8: √ | H8: 公休 | I8: 公休 | J8: √ | K8: √ | L8: √ | M8: √ | N8: √ | O8: 公休 | P8: 公休 | Q8: √ | R8: √ | S8: √ | T8: √ | U8: √ | V8: 公休 | W8: 公休 | X8: √ | Y8: √ | Z8: √ | AA8: √ | AB8: √ | AC8: 公休 | AD8: 公休 | AE8: √ | AF8: √ | AG8: √ | AH8: √ | AI8: =AK8+AL8+AR8 -> 23 | AJ8: =AM8 -> 8 | AK8: =COUNTIF($D8:$AH8,"√") -> 23 | AL8: =COUNTIF($D8:$AH8,"出差") -> 0 | AM8: =COUNTIF($D8:$AH8,"公休") -> 8 | AN8: =COUNTIF($D8:$AH8,"病假") -> 0 | AO8: =COUNTIF($D8:$AH8,"事假") -> 0 | AP8: =COUNTIF($D8:$AH8,"旷工") -> 0 | AQ8: =COUNTIF($D8:$AH8,"工伤") -> 0 | AR8: =COUNTIF($D8:$AH8,"培训") -> 0 | AS8: =COUNTIF($D8:$AH8,"冬休") -> 0 | AT8: =COUNTIF($D8:$AH8,"休假") -> 0 | AU8: =COUNTIF($D8:$AH8,"探亲") -> 0 | AV8: =COUNTIF($D8:$AH8,"产假") -> 0 | AW8: =COUNTIF($D8:$AH8,"陪护假") -> 0 | AX8: =COUNTIF($D8:$AH8,"婚丧假") -> 0 | AY8: =COUNTIF($D8:$AH8,"待岗") -> 0
A9: 4 | B9: =工资表!B7 -> 徐惠蓉 | C9: =工资表!C7 -> 投资开发部副经理 | D9: √ | E9: √ | F9: √ | G9: √ | H9: 公休 | I9: 公休 | J9: √ | K9: √ | L9: √ | M9: √ | N9: √ | O9: 公休 | P9: 公休 | Q9: √ | R9: √ | S9: √ | T9: √ | U9: √ | V9: 公休 | W9: 公休 | X9: √ | Y9: √ | Z9: √ | AA9: √ | AB9: √ | AC9: 公休 | AD9: 公休 | AE9: √ | AF9: √ | AG9: √ | AH9: √ | AI9: =AK9+AL9+AR9 -> 23 | AJ9: =AM9 -> 8 | AK9: =COUNTIF($D9:$AH9,"√") -> 23 | AL9: =COUNTIF($D9:$AH9,"出差") -> 0 | AM9: =COUNTIF($D9:$AH9,"公休") -> 8 | AN9: =COUNTIF($D9:$AH9,"病假") -> 0 | AO9: =COUNTIF($D9:$AH9,"事假") -> 0 | AP9: =COUNTIF($D9:$AH9,"旷工") -> 0 | AQ9: =COUNTIF($D9:$AH9,"工伤") -> 0 | AR9: =COUNTIF($D9:$AH9,"培训") -> 0 | AS9: =COUNTIF($D9:$AH9,"冬休") -> 0 | AT9: =COUNTIF($D9:$AH9,"休假") -> 0 | AU9: =COUNTIF($D9:$AH9,"探亲") -> 0 | AV9: =COUNTIF($D9:$AH9,"产假") -> 0 | AW9: =COUNTIF($D9:$AH9,"陪护假") -> 0 | AX9: =COUNTIF($D9:$AH9,"婚丧假") -> 0 | AY9: =COUNTIF($D9:$AH9,"待岗") -> 0
A10: 5 | B10: =工资表!B8 -> 沈陈瑾慧 | C10: =工资表!C8 -> 会计 | D10: √ | E10: √ | F10: √ | G10: √ | H10: 公休 | I10: 公休 | J10: √ | K10: √ | L10: √ | M10: √ | N10: √ | O10: 公休 | P10: 公休 | Q10: √ | R10: √ | S10: √ | T10: √ | U10: √ | V10: 公休 | W10: 公休 | X10: √ | Y10: √ | Z10: √ | AA10: √ | AB10: √ | AC10: 公休 | AD10: 公休 | AE10: √ | AF10: √ | AG10: √ | AH10: √ | AI10: =AK10+AL10+AR10 -> 23 | AJ10: =AM10 -> 8 | AK10: =COUNTIF($D10:$AH10,"√") -> 23 | AL10: =COUNTIF($D10:$AH10,"出差") -> 0 | AM10: =COUNTIF($D10:$AH10,"公休") -> 8 | AN10: =COUNTIF($D10:$AH10,"病假") -> 0 | AO10: =COUNTIF($D10:$AH10,"事假") -> 0 | AP10: =COUNTIF($D10:$AH10,"旷工") -> 0 | AQ10: =COUNTIF($D10:$AH10,"工伤") -> 0 | AR10: =COUNTIF($D10:$AH10,"培训") -> 0 | AS10: =COUNTIF($D10:$AH10,"冬休") -> 0 | AT10: =COUNTIF($D10:$AH10,"休假") -> 0 | AU10: =COUNTIF($D10:$AH10,"探亲") -> 0 | AV10: =COUNTIF($D10:$AH10,"产假") -> 0 | AW10: =COUNTIF($D10:$AH10,"陪护假") -> 0 | AY10: =COUNTIF($D10:$AH10,"待岗") -> 0
A11: 6 | B11: =工资表!B9 -> 管丽萍 | C11: =工资表!C9 -> 人事运营 | D11: √ | E11: √ | F11: √ | G11: √ | H11: 公休 | I11: 公休 | J11: √ | K11: √ | L11: √ | M11: √ | N11: √ | O11: 公休 | P11: 公休 | Q11: √ | R11: √ | S11: √ | T11: √ | U11: √ | V11: 公休 | W11: 公休 | X11: √ | Y11: √ | Z11: √ | AA11: √ | AB11: √ | AC11: 公休 | AD11: 公休 | AE11: √ | AF11: √ | AG11: √ | AH11: √ | AI11: =AK11+AL11+AR11 -> 23 | AJ11: =AM11 -> 8 | AK11: =COUNTIF($D11:$AH11,"√") -> 23 | AL11: =COUNTIF($D11:$AH11,"出差") -> 0 | AM11: =COUNTIF($D11:$AH11,"公休") -> 8 | AN11: =COUNTIF($D11:$AH11,"病假") -> 0 | AO11: =COUNTIF($D11:$AH11,"事假") -> 0 | AP11: =COUNTIF($D11:$AH11,"旷工") -> 0 | AQ11: =COUNTIF($D11:$AH11,"工伤") -> 0 | AR11: =COUNTIF($D11:$AH11,"培训") -> 0 | AS11: =COUNTIF($D11:$AH11,"冬休") -> 0 | AT11: =COUNTIF($D11:$AH11,"休假") -> 0 | AU11: =COUNTIF($D11:$AH11,"探亲") -> 0 | AV11: =COUNTIF($D11:$AH11,"产假") -> 0 | AW11: =COUNTIF($D11:$AH11,"陪护假") -> 0 | AX11: =COUNTIF($D11:$AH11,"婚丧假") -> 0 | AY11: =COUNTIF($D11:$AH11,"待岗") -> 0
A12: 7 | B12: =工资表!B10 -> 刘科 | C12: =工资表!C10 -> 招采工程师 | D12: √ | E12: √ | F12: √ | G12: √ | H12: 公休 | I12: 公休 | J12: √ | K12: √ | L12: √ | M12: √ | N12: √ | O12: 公休 | P12: 公休 | Q12: √ | R12: √ | S12: √ | T12: √ | U12: √ | V12: 公休 | W12: 公休 | X12: √ | Y12: √ | Z12: √ | AA12: √ | AB12: √ | AC12: 公休 | AD12: 公休 | AE12: √ | AF12: √ | AG12: √ | AH12: √ | AI12: =AK12+AL12+AR12 -> 23 | AJ12: =AM12 -> 8 | AK12: =COUNTIF($D12:$AH12,"√") -> 23 | AL12: =COUNTIF($D12:$AH12,"出差") -> 0 | AM12: =COUNTIF($D12:$AH12,"公休") -> 8 | AN12: =COUNTIF($D12:$AH12,"病假") -> 0 | AO12: =COUNTIF($D12:$AH12,"事假") -> 0 | AP12: =COUNTIF($D12:$AH12,"旷工") -> 0 | AQ12: =COUNTIF($D12:$AH12,"工伤") -> 0 | AR12: =COUNTIF($D12:$AH12,"培训") -> 0 | AS12: =COUNTIF($D12:$AH12,"冬休") -> 0 | AT12: =COUNTIF($D12:$AH12,"休假") -> 0 | AU12: =COUNTIF($D12:$AH12,"探亲") -> 0 | AV12: =COUNTIF($D12:$AH12,"产假") -> 0 | AW12: =COUNTIF($D12:$AH12,"陪护假") -> 0 | AX12: =COUNTIF($D12:$AH12,"婚丧假") -> 0 | AY12: =COUNTIF($D12:$AH12,"待岗") -> 0
A13: 8 | B13: =工资表!B11 -> 高建梅 | C13: =工资表!C11 -> 出纳 | D13: √ | E13: √ | F13: √ | G13: √ | H13: 公休 | I13: 公休 | J13: √ | K13: √ | L13: √ | M13: √ | N13: √ | O13: 公休 | P13: 公休 | Q13: √ | R13: √ | S13: √ | T13: √ | U13: √ | V13: 公休 | W13: 公休 | X13: √ | Y13: √ | Z13: √ | AA13: √ | AB13: √ | AC13: 公休 | AD13: 公休 | AE13: √ | AF13: √ | AG13: √ | AH13: √ | AI13: =AK13+AL13+AR13 -> 23 | AJ13: =AM13 -> 8 | AK13: =COUNTIF($D13:$AH13,"√") -> 23 | AL13: =COUNTIF($D13:$AH13,"出差") -> 0 | AM13: =COUNTIF($D13:$AH13,"公休") -> 8 | AN13: =COUNTIF($D13:$AH13,"病假") -> 0 | AO13: =COUNTIF($D13:$AH13,"事假") -> 0 | AP13: =COUNTIF($D13:$AH13,"旷工") -> 0 | AQ13: =COUNTIF($D13:$AH13,"工伤") -> 0 | AR13: =COUNTIF($D13:$AH13,"培训") -> 0 | AS13: =COUNTIF($D13:$AH13,"冬休") -> 0 | AT13: =COUNTIF($D13:$AH13,"休假") -> 0 | AU13: =COUNTIF($D13:$AH13,"探亲") -> 0 | AV13: =COUNTIF($D13:$AH13,"产假") -> 0 | AW13: =COUNTIF($D13:$AH13,"陪护假") -> 0 | AX13: =COUNTIF($D13:$AH13,"婚丧假") -> 0 | AY13: =COUNTIF($D13:$AH13,"待岗") -> 0
A14: 9 | B14: =工资表!B12 -> 周佳奇 | C14: =工资表!C12 -> 造价工程师 | D14: √ | E14: √ | F14: √ | G14: √ | H14: 公休 | I14: 公休 | J14: √ | K14: √ | L14: √ | M14: √ | N14: √ | O14: 公休 | P14: 公休 | Q14: √ | R14: √ | S14: √ | T14: √ | U14: √ | V14: 公休 | W14: 公休 | X14: √ | Y14: √ | Z14: √ | AA14: √ | AB14: √ | AC14: 公休 | AD14: 公休 | AE14: √ | AF14: √ | AG14: √ | AH14: √ | AI14: =AK14+AL14+AR14 -> 23 | AJ14: =AM14 -> 8 | AK14: =COUNTIF($D14:$AH14,"√") -> 23 | AL14: =COUNTIF($D14:$AH14,"出差") -> 0 | AM14: =COUNTIF($D14:$AH14,"公休") -> 8 | AN14: =COUNTIF($D14:$AH14,"病假") -> 0 | AO14: =COUNTIF($D14:$AH14,"事假") -> 0 | AP14: =COUNTIF($D14:$AH14,"旷工") -> 0 | AQ14: =COUNTIF($D14:$AH14,"工伤") -> 0 | AR14: =COUNTIF($D14:$AH14,"培训") -> 0 | AS14: =COUNTIF($D14:$AH14,"冬休") -> 0 | AT14: =COUNTIF($D14:$AH14,"休假") -> 0 | AU14: =COUNTIF($D14:$AH14,"探亲") -> 0 | AV14: =COUNTIF($D14:$AH14,"产假") -> 0 | AW14: =COUNTIF($D14:$AH14,"陪护假") -> 0 | AX14: =COUNTIF($D14:$AH14,"婚丧假") -> 0 | AY14: =COUNTIF($D14:$AH14,"待岗") -> 0
A15: 10 | B15: =工资表!B13 -> 白媛媛 | C15: =工资表!C13 -> 开发报建工程师 | D15: √ | E15: √ | F15: √ | G15: √ | H15: 公休 | I15: 公休 | J15: √ | K15: √ | L15: √ | M15: √ | N15: √ | O15: 公休 | P15: 公休 | Q15: √ | R15: √ | S15: √ | T15: √ | U15: √ | V15: 公休 | W15: 公休 | X15: √ | Y15: √ | Z15: √ | AA15: √ | AB15: √ | AC15: 公休 | AD15: 公休 | AE15: √ | AF15: √ | AG15: √ | AH15: √ | AI15: =AK15+AL15+AR15 -> 23 | AJ15: =AM15 -> 8 | AK15: =COUNTIF($D15:$AH15,"√") -> 23 | AL15: =COUNTIF($D15:$AH15,"出差") -> 0 | AM15: =COUNTIF($D15:$AH15,"公休") -> 8 | AN15: =COUNTIF($D15:$AH15,"病假") -> 0 | AO15: =COUNTIF($D15:$AH15,"事假") -> 0 | AP15: =COUNTIF($D15:$AH15,"旷工") -> 0 | AQ15: =COUNTIF($D15:$AH15,"工伤") -> 0 | AR15: =COUNTIF($D15:$AH15,"培训") -> 0 | AS15: =COUNTIF($D15:$AH15,"冬休") -> 0 | AT15: =COUNTIF($D15:$AH15,"休假") -> 0 | AU15: =COUNTIF($D15:$AH15,"探亲") -> 0 | AV15: =COUNTIF($D15:$AH15,"产假") -> 0 | AW15: =COUNTIF($D15:$AH15,"陪护假") -> 0 | AX15: =COUNTIF($D15:$AH15,"婚丧假") -> 0 | AY15: =COUNTIF($D15:$AH15,"待岗") -> 0
A16: 11 | B16: =工资表!B14 -> 温进进 | C16: =工资表!C14 -> 土建工程师 | D16: √ | E16: √ | F16: √ | G16: √ | H16: 公休 | I16: 公休 | J16: √ | K16: √ | L16: √ | M16: √ | N16: √ | O16: 公休 | P16: 公休 | Q16: √ | R16: √ | S16: √ | T16: √ | U16: √ | V16: 公休 | W16: 公休 | X16: √ | Y16: √ | Z16: √ | AA16: √ | AB16: √ | AC16: 公休 | AD16: 公休 | AE16: √ | AF16: √ | AG16: √ | AH16: √ | AI16: =AK16+AL16+AR16 -> 23 | AJ16: =AM16 -> 8 | AK16: =COUNTIF($D16:$AH16,"√") -> 23 | AL16: =COUNTIF($D16:$AH16,"出差") -> 0 | AM16: =COUNTIF($D16:$AH16,"公休") -> 8 | AN16: =COUNTIF($D16:$AH16,"病假") -> 0 | AO16: =COUNTIF($D16:$AH16,"事假") -> 0 | AP16: =COUNTIF($D16:$AH16,"旷工") -> 0 | AQ16: =COUNTIF($D16:$AH16,"工伤") -> 0 | AR16: =COUNTIF($D16:$AH16,"培训") -> 0 | AS16: =COUNTIF($D16:$AH16,"冬休") -> 0 | AT16: =COUNTIF($D16:$AH16,"休假") -> 0 | AU16: =COUNTIF($D16:$AH16,"探亲") -> 0 | AV16: =COUNTIF($D16:$AH16,"产假") -> 0 | AW16: =COUNTIF($D16:$AH16,"陪护假") -> 0 | AX16: =COUNTIF($D16:$AH16,"婚丧假") -> 0 | AY16: =COUNTIF($D16:$AH16,"待岗") -> 0
A17: 12 | B17: =工资表!B15 -> 尹江 | C17: =工资表!C15 -> 水暖工程师 | D17: √ | E17: √ | F17: √ | G17: √ | H17: 公休 | I17: 公休 | J17: √ | K17: √ | L17: √ | M17: √ | N17: √ | O17: 公休 | P17: 公休 | Q17: √ | R17: √ | S17: √ | T17: √ | U17: √ | V17: 公休 | W17: 公休 | X17: √ | Y17: √ | Z17: √ | AA17: √ | AB17: √ | AC17: 公休 | AD17: 公休 | AE17: √ | AF17: √ | AG17: √ | AH17: √ | AI17: =AK17+AL17+AR17 -> 23 | AJ17: =AM17 -> 8 | AK17: =COUNTIF($D17:$AH17,"√") -> 23 | AL17: =COUNTIF($D17:$AH17,"出差") -> 0 | AM17: =COUNTIF($D17:$AH17,"公休") -> 8
A18: 13 | B18: =工资表!B16 -> 王玉慧 | C18: =工资表!C16 -> 案场销售经理 | D18: √ | E18: √ | F18: √ | G18: √ | H18: √ | I18: √ | J18: 公休 | K18: 公休 | L18: 公休 | M18: 公休 | N18: √ | O18: √ | P18: √ | Q18: √ | R18: √ | S18: √ | T18: √ | U18: √ | V18: √ | W18: √ | X18: √ | Y18: √ | Z18: √ | AA18: √ | AB18: √ | AC18: √ | AD18: √ | AE18: √ | AF18: √ | AG18: √ | AH18: √ | AI18: =AK18+AL18+AR18 -> 27 | AJ18: =AM18 -> 4 | AK18: =COUNTIF($D18:$AH18,"√") -> 27 | AL18: =COUNTIF($D18:$AH18,"出差") -> 0 | AM18: =COUNTIF($D18:$AH18,"公休") -> 4 | AN18: =COUNTIF($D18:$AH18,"病假") -> 0 | AO18: =COUNTIF($D18:$AH18,"事假") -> 0 | AP18: =COUNTIF($D18:$AH18,"旷工") -> 0 | AQ18: =COUNTIF($D18:$AH18,"工伤") -> 0 | AR18: =COUNTIF($D18:$AH18,"培训") -> 0 | AS18: =COUNTIF($D18:$AH18,"冬休") -> 0 | AT18: =COUNTIF($D18:$AH18,"休假") -> 0 | AU18: =COUNTIF($D18:$AH18,"探亲") -> 0 | AV18: =COUNTIF($D18:$AH18,"产假") -> 0 | AW18: =COUNTIF($D18:$AH18,"陪护假") -> 0 | AX18: =COUNTIF($D18:$AH18,"婚丧假") -> 0 | AY18: =COUNTIF($D18:$AH18,"待岗") -> 0
A19: 14 | B19: =工资表!B17 -> 谢华军 | C19: =工资表!C17 -> 招商专员 | D19: √ | E19: √ | F19: √ | G19: √ | H19: 公休 | I19: 公休 | J19: √ | K19: √ | L19: √ | M19: √ | N19: √ | O19: 公休 | P19: 公休 | Q19: √ | R19: √ | S19: √ | T19: √ | U19: √ | V19: 公休 | W19: 公休 | X19: √ | Y19: √ | Z19: √ | AA19: √ | AB19: √ | AC19: 公休 | AD19: 公休 | AE19: √ | AF19: √ | AG19: √ | AH19: √ | AI19: =AK19+AL19+AR19 -> 23 | AJ19: =AM19 -> 8 | AK19: =COUNTIF($D19:$AH19,"√") -> 23 | AL19: =COUNTIF($D19:$AH19,"出差") -> 0 | AM19: =COUNTIF($D19:$AH19,"公休") -> 8 | AN19: =COUNTIF($D19:$AH19,"病假") -> 0 | AO19: =COUNTIF($D19:$AH19,"事假") -> 0 | AP19: =COUNTIF($D19:$AH19,"旷工") -> 0 | AQ19: =COUNTIF($D19:$AH19,"工伤") -> 0 | AR19: =COUNTIF($D19:$AH19,"培训") -> 0 | AS19: =COUNTIF($D19:$AH19,"冬休") -> 0 | AT19: =COUNTIF($D19:$AH19,"休假") -> 0 | AU19: =COUNTIF($D19:$AH19,"探亲") -> 0 | AV19: =COUNTIF($D19:$AH19,"产假") -> 0 | AW19: =COUNTIF($D19:$AH19,"陪护假") -> 0 | AX19: =COUNTIF($D19:$AH19,"婚丧假") -> 0 | AY19: =COUNTIF($D19:$AH19,"待岗") -> 0
A20: 15 | B20: =工资表!B18 -> 张志慧 | C20: =工资表!C18 -> 置业顾问 | D20: √ | E20: √ | F20: √ | G20: √ | H20: √ | I20: √ | J20: √ | K20: √ | L20: √ | M20: √ | N20: √ | O20: √ | P20: √ | Q20: √ | R20: √ | S20: √ | T20: √ | U20: √ | V20: √ | W20: √ | X20: √ | Y20: √ | Z20: √ | AA20: √ | AB20: √ | AC20: 公休 | AD20: 公休 | AE20: 公休 | AF20: 公休 | AG20: √ | AH20: √ | AI20: =AK20+AL20+AR20 -> 27 | AJ20: =AM20 -> 4 | AK20: =COUNTIF($D20:$AH20,"√") -> 27 | AL20: =COUNTIF($D20:$AH20,"出差") -> 0 | AM20: =COUNTIF($D20:$AH20,"公休") -> 4 | AN20: =COUNTIF($D20:$AH20,"病假") -> 0 | AO20: =COUNTIF($D20:$AH20,"事假") -> 0 | AP20: =COUNTIF($D20:$AH20,"旷工") -> 0 | AQ20: =COUNTIF($D20:$AH20,"工伤") -> 0 | AR20: =COUNTIF($D20:$AH20,"培训") -> 0 | AS20: =COUNTIF($D20:$AH20,"冬休") -> 0 | AT20: =COUNTIF($D20:$AH20,"休假") -> 0 | AU20: =COUNTIF($D20:$AH20,"探亲") -> 0 | AV20: =COUNTIF($D20:$AH20,"产假") -> 0 | AW20: =COUNTIF($D20:$AH20,"陪护假") -> 0 | AX20: =COUNTIF($D20:$AH20,"婚丧假") -> 0 | AY20: =COUNTIF($D20:$AH20,"待岗") -> 0
A21: 16 | B21: =工资表!B19 -> 张玉琴 | C21: =工资表!C19 -> 置业顾问 | D21: √ | E21: √ | F21: √ | G21: √ | H21: √ | I21: √ | J21: 公休 | K21: 公休 | L21: 公休 | M21: 公休 | N21: √ | O21: √ | P21: √ | Q21: √ | R21: √ | S21: √ | T21: √ | U21: √ | V21: √ | W21: √ | X21: √ | Y21: √ | Z21: √ | AA21: √ | AB21: √ | AC21: √ | AD21: √ | AE21: √ | AF21: √ | AG21: √ | AH21: √ | AI21: =AK21+AL21+AR21 -> 27 | AJ21: =AM21 -> 4 | AK21: =COUNTIF($D21:$AH21,"√") -> 27 | AL21: =COUNTIF($D21:$AH21,"出差") -> 0 | AM21: =COUNTIF($D21:$AH21,"公休") -> 4 | AN21: =COUNTIF($D21:$AH21,"病假") -> 0 | AO21: =COUNTIF($D21:$AH21,"事假") -> 0 | AP21: =COUNTIF($D21:$AH21,"旷工") -> 0 | AQ21: =COUNTIF($D21:$AH21,"工伤") -> 0 | AR21: =COUNTIF($D21:$AH21,"培训") -> 0 | AS21: =COUNTIF($D21:$AH21,"冬休") -> 0 | AT21: =COUNTIF($D21:$AH21,"休假") -> 0 | AU21: =COUNTIF($D21:$AH21,"探亲") -> 0 | AV21: =COUNTIF($D21:$AH21,"产假") -> 0 | AW21: =COUNTIF($D21:$AH21,"陪护假") -> 0 | AX21: =COUNTIF($D21:$AH21,"婚丧假") -> 0 | AY21: =COUNTIF($D21:$AH21,"待岗") -> 0
A22: 17 | B22: =工资表!B20 -> 王荣 | C22: =工资表!C20 -> 置业顾问 | D22: √ | E22: √ | F22: √ | G22: √ | H22: √ | I22: √ | J22: 公休 | K22: 公休 | L22: 公休 | M22: √ | N22: √ | O22: √ | P22: √ | Q22: 公休 | R22: √ | S22: √ | T22: √ | U22: √ | V22: √ | W22: √ | X22: √ | Y22: √ | Z22: √ | AA22: √ | AB22: √ | AC22: √ | AD22: √ | AE22: √ | AF22: √ | AG22: √ | AH22: √ | AI22: =AK22+AL22+AR22 -> 27 | AJ22: =AM22 -> 4 | AK22: =COUNTIF($D22:$AH22,"√") -> 27 | AL22: =COUNTIF($D22:$AH22,"出差") -> 0 | AM22: =COUNTIF($D22:$AH22,"公休") -> 4 | AN22: =COUNTIF($D22:$AH22,"病假") -> 0 | AO22: =COUNTIF($D22:$AH22,"事假") -> 0 | AP22: =COUNTIF($D22:$AH22,"旷工") -> 0 | AQ22: =COUNTIF($D22:$AH22,"工伤") -> 0 | AR22: =COUNTIF($D22:$AH22,"培训") -> 0 | AS22: =COUNTIF($D22:$AH22,"冬休") -> 0 | AT22: =COUNTIF($D22:$AH22,"休假") -> 0 | AU22: =COUNTIF($D22:$AH22,"探亲") -> 0 | AV22: =COUNTIF($D22:$AH22,"产假") -> 0 | AW22: =COUNTIF($D22:$AH22,"陪护假") -> 0 | AX22: =COUNTIF($D22:$AH22,"婚丧假") -> 0 | AY22: =COUNTIF($D22:$AH22,"待岗") -> 0
A23: 18 | B23: =工资表!B21 -> 肖陶丽 | C23: =工资表!C21 -> 置业顾问 | D23: √ | E23: √ | F23: √ | G23: √ | H23: √ | I23: √ | J23: √ | K23: √ | L23: √ | M23: √ | N23: √ | O23: √ | P23: √ | Q23: √ | R23: √ | S23: √ | T23: 公休 | U23: 公休 | V23: 公休 | W23: 公休 | X23: √ | Y23: √ | Z23: √ | AA23: √ | AB23: √ | AC23: √ | AD23: √ | AE23: √ | AF23: √ | AG23: √ | AH23: √ | AI23: =AK23+AL23+AR23 -> 27 | AJ23: =AM23 -> 4 | AK23: =COUNTIF($D23:$AH23,"√") -> 27 | AL23: =COUNTIF($D23:$AH23,"出差") -> 0 | AM23: =COUNTIF($D23:$AH23,"公休") -> 4 | AN23: =COUNTIF($D23:$AH23,"病假") -> 0 | AO23: =COUNTIF($D23:$AH23,"事假") -> 0 | AP23: =COUNTIF($D23:$AH23,"旷工") -> 0 | AQ23: =COUNTIF($D23:$AH23,"工伤") -> 0 | AR23: =COUNTIF($D23:$AH23,"培训") -> 0 | AS23: =COUNTIF($D23:$AH23,"冬休") -> 0 | AT23: =COUNTIF($D23:$AH23,"休假") -> 0 | AU23: =COUNTIF($D23:$AH23,"探亲") -> 0 | AV23: =COUNTIF($D23:$AH23,"产假") -> 0 | AW23: =COUNTIF($D23:$AH23,"陪护假") -> 0 | AX23: =COUNTIF($D23:$AH23,"婚丧假") -> 0 | AY23: =COUNTIF($D23:$AH23,"待岗") -> 0
A24: 19 | B24: =工资表!B22 -> 李秀莲 | C24: =工资表!C22 -> 置业顾问 | D24: √ | E24: √ | F24: √ | G24: √ | H24: √ | I24: √ | J24: √ | K24: √ | L24: √ | M24: √ | N24: √ | O24: √ | P24: √ | Q24: √ | R24: √ | S24: √ | T24: √ | U24: √ | V24: √ | W24: √ | X24: √ | Y24: √ | Z24: √ | AA24: √ | AB24: √ | AC24: √ | AD24: √ | AE24: 公休 | AF24: 公休 | AG24: 公休 | AH24: 公休 | AI24: =AK24+AL24+AR24 -> 27 | AJ24: =AM24 -> 4 | AK24: =COUNTIF($D24:$AH24,"√") -> 27 | AL24: =COUNTIF($D24:$AH24,"出差") -> 0 | AM24: =COUNTIF($D24:$AH24,"公休") -> 4 | AN24: =COUNTIF($D24:$AH24,"病假") -> 0 | AO24: =COUNTIF($D24:$AH24,"事假") -> 0 | AP24: =COUNTIF($D24:$AH24,"旷工") -> 0 | AQ24: =COUNTIF($D24:$AH24,"工伤") -> 0 | AR24: =COUNTIF($D24:$AH24,"培训") -> 0 | AS24: =COUNTIF($D24:$AH24,"冬休") -> 0 | AT24: =COUNTIF($D24:$AH24,"休假") -> 0 | AU24: =COUNTIF($D24:$AH24,"探亲") -> 0 | AV24: =COUNTIF($D24:$AH24,"产假") -> 0 | AW24: =COUNTIF($D24:$AH24,"陪护假") -> 0 | AX24: =COUNTIF($D24:$AH24,"婚丧假") -> 0 | AY24: =COUNTIF($D24:$AH24,"待岗") -> 0
A25: 20 | B25: =工资表!B23 -> 霍苒 | C25: =工资表!C23 -> 置业顾问 | D25: 公休 | E25: 公休 | F25: 公休 | G25: 公休 | H25: √ | I25: √ | J25: √ | K25: √ | L25: √ | M25: √ | N25: √ | O25: √ | P25: √ | Q25: √ | R25: √ | S25: √ | T25: √ | U25: √ | V25: √ | W25: √ | X25: √ | Y25: √ | Z25: √ | AA25: √ | AB25: √ | AC25: √ | AD25: √ | AE25: √ | AF25: √ | AG25: √ | AH25: √ | AI25: =AK25+AL25+AR25 -> 27 | AJ25: =AM25 -> 4 | AK25: =COUNTIF($D25:$AH25,"√") -> 27 | AL25: =COUNTIF($D25:$AH25,"出差") -> 0 | AM25: =COUNTIF($D25:$AH25,"公休") -> 4 | AN25: =COUNTIF($D25:$AH25,"病假") -> 0 | AO25: =COUNTIF($D25:$AH25,"事假") -> 0 | AP25: =COUNTIF($D25:$AH25,"旷工") -> 0 | AQ25: =COUNTIF($D25:$AH25,"工伤") -> 0 | AR25: =COUNTIF($D25:$AH25,"培训") -> 0 | AS25: =COUNTIF($D25:$AH25,"冬休") -> 0 | AT25: =COUNTIF($D25:$AH25,"休假") -> 0 | AU25: =COUNTIF($D25:$AH25,"探亲") -> 0 | AV25: =COUNTIF($D25:$AH25,"产假") -> 0 | AW25: =COUNTIF($D25:$AH25,"陪护假") -> 0 | AX25: =COUNTIF($D25:$AH25,"婚丧假") -> 0 | AY25: =COUNTIF($D25:$AH25,"待岗") -> 0
A26: 21 | B26: =工资表!B24 -> 连阵阵 | C26: =工资表!C24 -> 置业顾问 | D26: √ | E26: √ | F26: √ | G26: √ | H26: √ | I26: √ | J26: √ | K26: √ | L26: √ | M26: √ | N26: √ | O26: 公休 | P26: 公休 | Q26: 公休 | R26: 公休 | S26: √ | T26: √ | U26: √ | V26: √ | W26: √ | X26: √ | Y26: √ | Z26: √ | AA26: √ | AB26: √ | AC26: √ | AD26: √ | AE26: √ | AF26: √ | AG26: √ | AH26: √ | AI26: =AK26+AL26+AR26 -> 27 | AJ26: =AM26 -> 4 | AK26: =COUNTIF($D26:$AH26,"√") -> 27 | AL26: =COUNTIF($D26:$AH26,"出差") -> 0 | AM26: =COUNTIF($D26:$AH26,"公休") -> 4 | AN26: =COUNTIF($D26:$AH26,"病假") -> 0 | AO26: =COUNTIF($D26:$AH26,"事假") -> 0 | AP26: =COUNTIF($D26:$AH26,"旷工") -> 0 | AQ26: =COUNTIF($D26:$AH26,"工伤") -> 0 | AR26: =COUNTIF($D26:$AH26,"培训") -> 0 | AS26: =COUNTIF($D26:$AH26,"冬休") -> 0 | AT26: =COUNTIF($D26:$AH26,"休假") -> 0 | AU26: =COUNTIF($D26:$AH26,"探亲") -> 0 | AV26: =COUNTIF($D26:$AH26,"产假") -> 0 | AW26: =COUNTIF($D26:$AH26,"陪护假") -> 0 | AX26: =COUNTIF($D26:$AH26,"婚丧假") -> 0 | AY26: =COUNTIF($D26:$AH26,"待岗") -> 0
A27: 22 | B27: =工资表!B25 -> 闫金秀 | C27: =工资表!C25 -> 置业顾问 | D27: √ | E27: √ | F27: √ | G27: √ | H27: √ | I27: √ | J27: √ | K27: √ | L27: √ | M27: √ | N27: √ | O27: √ | P27: √ | Q27: √ | R27: √ | S27: √ | T27: √ | U27: 公休 | V27: 公休 | W27: √ | X27: √ | Y27: √ | Z27: 公休 | AA27: 公休 | AB27: √ | AC27: √ | AD27: √ | AE27: √ | AF27: √ | AG27: √ | AH27: √ | AI27: =AK27+AL27+AR27 -> 27 | AJ27: =AM27 -> 4 | AK27: =COUNTIF($D27:$AH27,"√") -> 27 | AL27: =COUNTIF($D27:$AH27,"出差") -> 0 | AM27: =COUNTIF($D27:$AH27,"公休") -> 4 | AN27: =COUNTIF($D27:$AH27,"病假") -> 0 | AO27: =COUNTIF($D27:$AH27,"事假") -> 0 | AP27: =COUNTIF($D27:$AH27,"旷工") -> 0 | AQ27: =COUNTIF($D27:$AH27,"工伤") -> 0 | AR27: =COUNTIF($D27:$AH27,"培训") -> 0 | AS27: =COUNTIF($D27:$AH27,"冬休") -> 0 | AT27: =COUNTIF($D27:$AH27,"休假") -> 0 | AU27: =COUNTIF($D27:$AH27,"探亲") -> 0 | AV27: =COUNTIF($D27:$AH27,"产假") -> 0 | AW27: =COUNTIF($D27:$AH27,"陪护假") -> 0 | AX27: =COUNTIF($D27:$AH27,"婚丧假") -> 0 | AY27: =COUNTIF($D27:$AH27,"待岗") -> 0
A28: 23 | B28: =工资表!B26 -> 潘亦玹 | C28: =工资表!C26 -> 置业顾问 | D28: 公休 | E28: 公休 | F28: 公休 | G28: 公休 | H28: √ | I28: √ | J28: √ | K28: √ | L28: √ | M28: √ | N28: √ | O28: √ | P28: √ | Q28: √ | R28: √ | S28: √ | T28: √ | U28: √ | V28: √ | W28: √ | X28: √ | Y28: √ | Z28: √ | AA28: √ | AB28: √ | AC28: √ | AD28: √ | AE28: √ | AF28: √ | AG28: √ | AH28: √ | AI28: =AK28+AL28+AR28 -> 27 | AJ28: =AM28 -> 4 | AK28: =COUNTIF($D28:$AH28,"√") -> 27 | AL28: =COUNTIF($D28:$AH28,"出差") -> 0 | AM28: =COUNTIF($D28:$AH28,"公休") -> 4 | AN28: =COUNTIF($D28:$AH28,"病假") -> 0 | AO28: =COUNTIF($D28:$AH28,"事假") -> 0 | AP28: =COUNTIF($D28:$AH28,"旷工") -> 0 | AQ28: =COUNTIF($D28:$AH28,"工伤") -> 0 | AR28: =COUNTIF($D28:$AH28,"培训") -> 0 | AS28: =COUNTIF($D28:$AH28,"冬休") -> 0 | AT28: =COUNTIF($D28:$AH28,"休假") -> 0 | AU28: =COUNTIF($D28:$AH28,"探亲") -> 0 | AV28: =COUNTIF($D28:$AH28,"产假") -> 0 | AW28: =COUNTIF($D28:$AH28,"陪护假") -> 0 | AX28: =COUNTIF($D28:$AH28,"婚丧假") -> 0 | AY28: =COUNTIF($D28:$AH28,"待岗") -> 0
A29: 24 | B29: =工资表!B27 -> 赵江龙 | C29: =工资表!C27 -> 置业顾问 | D29: √ | E29: √ | F29: 公休 | G29: √ | H29: √ | I29: √ | J29: √ | K29: √ | L29: √ | M29: √ | N29: √ | O29: √ | P29: √ | Q29: √ | R29: 公休 | S29: 公休 | T29: 公休 | U29: √ | V29: √ | W29: √ | X29: √ | Y29: √ | Z29: √ | AA29: √ | AB29: √ | AC29: √ | AD29: √ | AE29: √ | AF29: √ | AG29: √ | AH29: √ | AI29: =AK29+AL29+AR29 -> 27 | AJ29: =AM29 -> 4 | AK29: =COUNTIF($D29:$AH29,"√") -> 27 | AL29: =COUNTIF($D29:$AH29,"出差") -> 0 | AM29: =COUNTIF($D29:$AH29,"公休") -> 4 | AN29: =COUNTIF($D29:$AH29,"病假") -> 0 | AO29: =COUNTIF($D29:$AH29,"事假") -> 0 | AP29: =COUNTIF($D29:$AH29,"旷工") -> 0 | AQ29: =COUNTIF($D29:$AH29,"工伤") -> 0 | AR29: =COUNTIF($D29:$AH29,"培训") -> 0 | AS29: =COUNTIF($D29:$AH29,"冬休") -> 0 | AT29: =COUNTIF($D29:$AH29,"休假") -> 0 | AU29: =COUNTIF($D29:$AH29,"探亲") -> 0 | AV29: =COUNTIF($D29:$AH29,"产假") -> 0 | AW29: =COUNTIF($D29:$AH29,"陪护假") -> 0 | AX29: =COUNTIF($D29:$AH29,"婚丧假") -> 0 | AY29: =COUNTIF($D29:$AH29,"待岗") -> 0
... A34: 29 | B34: =工资表!B32 -> 李福晴 | C34: =工资表!C32 -> 置业顾问 | D34: √ | E34: √ | F34: 公休 | G34: √ | H34: √ | I34: √ | J34: √ | K34: √ | L34: √ | M34: √ | N34: √ | O34: 公休 | P34: √ | Q34: √ | R34: √ | S34: √ | T34: √ | U34: √ | V34: 公休 | W34: √ | X34: √ | Y34: √ | Z34: √ | AA34: √ | AB34: √ | AC34: √ | AD34: 公休 | AE34: √ | AF34: √ | AG34: √ | AH34: √ | AI34: =AK34+AL34+AR34 -> 27 | AJ34: =AM34 -> 4 | AK34: =COUNTIF($D34:$AH34,"√") -> 27 | AL34: =COUNTIF($D34:$AH34,"出差") -> 0 | AM34: =COUNTIF($D34:$AH34,"公休") -> 4 | AN34: =COUNTIF($D34:$AH34,"病假") -> 0 | AO34: =COUNTIF($D34:$AH34,"事假") -> 0 | AP34: =COUNTIF($D34:$AH34,"旷工") -> 0 | AQ34: =COUNTIF($D34:$AH34,"工伤") -> 0 | AR34: =COUNTIF($D34:$AH34,"培训") -> 0 | AS34: =COUNTIF($D34:$AH34,"冬休") -> 0 | AT34: =COUNTIF($D34:$AH34,"休假") -> 0 | AU34: =COUNTIF($D34:$AH34,"探亲") -> 0 | AV34: =COUNTIF($D34:$AH34,"产假") -> 0 | AW34: =COUNTIF($D34:$AH34,"陪护假") -> 0 | AX34: =COUNTIF($D34:$AH34,"婚丧假") -> 0 | AY34: =COUNTIF($D34:$AH34,"待岗") -> 0
B36: 注：
E37: 单位领导： | V37: 审核： | AI37: 制表：

Sheet 校验
A2: 序号 | B2: 姓名 | C2: 实际出勤天数 | D2: 月工资标准 | E2: 月度应发 | F2: 差额
A3: 1 | B3: 李全伟 | C3: =工资表!R4 -> 23 | D3: =(VLOOKUP(B3,工资表!B4:G14,6,0)+VLOOKUP(B3,工资表!B4:H14,7,0))/工资表!F4*VLOOKUP(B3,考勤!B6:AI16,34,0) -> 25500 | E3: =VLOOKUP(B3,工资表!B4:S14,18,0) -> 23327 | F3: =D3-E3 -> 2173
A4: 2 | B4: 杨文杰 | C4: =工资表!R5 -> 23 | D4: =(VLOOKUP(B4,工资表!B5:G33,6,0)+VLOOKUP(B4,工资表!B5:H33,7,0))/工资表!F5*VLOOKUP(B4,考勤!B7:AI36,34,0) -> 17000 | E4: =VLOOKUP(B4,工资表!B5:S15,18,0) -> 17000 | F4: =D4-E4 -> 0
A5: 3 | B5: 管锡哲 | C5: =工资表!R6 -> 23 | D5: =(VLOOKUP(B5,工资表!B6:G34,6,0)+VLOOKUP(B5,工资表!B6:H34,7,0))/工资表!F6*VLOOKUP(B5,考勤!B8:AI37,34,0) -> 12000 | E5: =VLOOKUP(B5,工资表!B6:S16,18,0) -> 12000 | F5: =D5-E5 -> 0
A6: 4 | B6: 徐惠蓉 | C6: =工资表!R7 -> 23 | D6: =(VLOOKUP(B6,工资表!B7:G35,6,0)+VLOOKUP(B6,工资表!B7:H35,7,0))/工资表!F7*VLOOKUP(B6,考勤!B9:AI38,34,0) -> 12750 | E6: =VLOOKUP(B6,工资表!B7:S17,18,0) -> 13050 | F6: =D6-E6 -> -300 | G6: 补贴
A7: 5 | B7: 沈陈瑾慧 | C7: =工资表!R8 -> 23 | D7: =(VLOOKUP(B7,工资表!B8:G36,6,0)+VLOOKUP(B7,工资表!B8:H36,7,0))/工资表!F8*VLOOKUP(B7,考勤!B10:AI39,34,0) -> 7000 | E7: =VLOOKUP(B7,工资表!B8:S18,18,0) -> 7000 | F7: =D7-E7 -> 1.0004442e-11
A8: 6 | B8: 管丽萍 | C8: =工资表!R9 -> 23 | D8: =(VLOOKUP(B8,工资表!B9:G37,6,0)+VLOOKUP(B8,工资表!B9:H37,7,0))/工资表!F9*VLOOKUP(B8,考勤!B11:AI40,34,0) -> 6000 | E8: =VLOOKUP(B8,工资表!B9:S19,18,0) -> 6200 | F8: =D8-E8 -> -200 | G8: 补贴
A9: 7 | B9: 刘科 | C9: =工资表!R10 -> 23 | D9: =(VLOOKUP(B9,工资表!B10:G38,6,0)+VLOOKUP(B9,工资表!B10:H38,7,0))/工资表!F10*VLOOKUP(B9,考勤!B12:AI41,34,0) -> 7500 | E9: =VLOOKUP(B9,工资表!B10:S20,18,0) -> 7480 | F9: =D9-E9 -> 20 | G9: 扣款
A10: 8 | B10: 高建梅 | C10: =工资表!R11 -> 23 | D10: =(VLOOKUP(B10,工资表!B11:G39,6,0)+VLOOKUP(B10,工资表!B11:H39,7,0))/工资表!F11*VLOOKUP(B10,考勤!B13:AI42,34,0) -> 6500 | E10: =VLOOKUP(B10,工资表!B11:S21,18,0) -> 6500 | F10: =D10-E10 -> 0
A11: 9 | B11: 周佳奇 | C11: =工资表!R12 -> 23 | D11: =(VLOOKUP(B11,工资表!B12:G40,6,0)+VLOOKUP(B11,工资表!B12:H40,7,0))/工资表!F12*VLOOKUP(B11,考勤!B14:AI43,34,0) -> 7800 | E11: =VLOOKUP(B11,工资表!B12:S22,18,0) -> 7760 | F11: =D11-E11 -> 40 | G11: 扣款
A12: 10 | B12: 白媛媛 | C12: =工资表!R13 -> 23 | D12: =(VLOOKUP(B12,工资表!B13:G41,6,0)+VLOOKUP(B12,工资表!B13:H41,7,0))/工资表!F13*VLOOKUP(B12,考勤!B15:AI44,34,0) -> 4500 | E12: =VLOOKUP(B12,工资表!B13:S23,18,0) -> 4960 | F12: =D12-E12 -> -460 | G12: 办证费
A13: 11 | B13: 温进进 | C13: =工资表!R14 -> 23 | D13: =(VLOOKUP(B13,工资表!B14:G42,6,0)+VLOOKUP(B13,工资表!B14:H42,7,0))/工资表!F14*VLOOKUP(B13,考勤!B16:AI45,34,0) -> 13500 | E13: =VLOOKUP(B13,工资表!B14:S24,18,0) -> 13500 | F13: =D13-E13 -> 0
A14: 12 | B14: 尹江 | C14: =工资表!R15 -> 23 | D14: =(VLOOKUP(B14,工资表!B15:G44,6,0)+VLOOKUP(B14,工资表!B15:H44,7,0))/工资表!F15*VLOOKUP(B14,考勤!B17:AI47,34,0) -> 12000 | E14: =VLOOKUP(B14,工资表!B15:S25,18,0) -> 12000 | F14: =D14-E14 -> 0
A15: 13 | B15: 王玉慧 | C15: =工资表!R16 -> 27 | D15: =(VLOOKUP(B15,工资表!B16:G44,6,0)+VLOOKUP(B15,工资表!B16:H44,7,0))/工资表!F16*VLOOKUP(B15,考勤!B18:AI47,34,0) -> 6000 | E15: =VLOOKUP(B15,工资表!B16:S26,18,0) -> 17215.23 | F15: =D15-E15 -> -11215.23 | G15: 扣绩效及佣金
A16: 14 | B16: 谢华军 | C16: =工资表!R17 -> 23 | D16: =(VLOOKUP(B16,工资表!B17:G45,6,0)+VLOOKUP(B16,工资表!B17:H45,7,0))/工资表!F17*VLOOKUP(B16,考勤!B19:AI48,34,0) -> 4500 | E16: =VLOOKUP(B16,工资表!B17:S27,18,0) -> 4500 | F16: =D16-E16 -> -1.0004442e-11
A17: 15 | B17: 张志慧 | C17: =工资表!R18 -> 27 | D17: =(VLOOKUP(B17,工资表!B18:G46,6,0)+VLOOKUP(B17,工资表!B18:H46,7,0))/工资表!F18*VLOOKUP(B17,考勤!B20:AI49,34,0) -> 5000 | E17: =VLOOKUP(B17,工资表!B18:S28,18,0) -> 5000 | F17: =D17-E17 -> 0
A18: 16 | B18: 张玉琴 | C18: =工资表!R19 -> 27 | D18: =(VLOOKUP(B18,工资表!B19:G47,6,0)+VLOOKUP(B18,工资表!B19:H47,7,0))/工资表!F19*VLOOKUP(B18,考勤!B21:AI50,34,0) -> 3000 | E18: =VLOOKUP(B18,工资表!B19:S29,18,0) -> 2704.8 | F18: =D18-E18 -> 295.2 | G18: 扣除上月未足额扣款部分
A19: 17 | B19: 王荣 | C19: =工资表!R20 -> 27 | D19: =(VLOOKUP(B19,工资表!B20:G48,6,0)+VLOOKUP(B19,工资表!B20:H48,7,0))/工资表!F20*VLOOKUP(B19,考勤!B22:AI51,34,0) -> 3000 | E19: =VLOOKUP(B19,工资表!B20:S30,18,0) -> 795.73 | F19: =D19-E19 -> 2204.27 | G19: 扣除上月未足额扣款部分
A20: 18 | B20: 肖陶丽 | C20: =工资表!R21 -> 27 | D20: =(VLOOKUP(B20,工资表!B21:G49,6,0)+VLOOKUP(B20,工资表!B21:H49,7,0))/工资表!F21*VLOOKUP(B20,考勤!B23:AI52,34,0) -> 3000 | E20: =VLOOKUP(B20,工资表!B21:S31,18,0) -> 6281.07 | F20: =D20-E20 -> -3281.07 | G20: 佣金
A21: 19 | B21: 李秀莲 | C21: =工资表!R22 -> 27 | D21: =(VLOOKUP(B21,工资表!B22:G50,6,0)+VLOOKUP(B21,工资表!B22:H50,7,0))/工资表!F22*VLOOKUP(B21,考勤!B24:AI53,34,0) -> 3000 | E21: =VLOOKUP(B21,工资表!B22:S32,18,0) -> 6706.64 | F21: =D21-E21 -> -3706.64 | G21: 佣金
A22: 20 | B22: 霍苒 | C22: =工资表!R23 -> 27 | D22: =(VLOOKUP(B22,工资表!B23:G51,6,0)+VLOOKUP(B22,工资表!B23:H51,7,0))/工资表!F23*VLOOKUP(B22,考勤!B25:AI54,34,0) -> 5000 | E22: =VLOOKUP(B22,工资表!B23:S33,18,0) -> 11091.28 | F22: =D22-E22 -> -6091.28 | G22: 佣金
A23: 21 | B23: 连阵阵 | C23: =工资表!R24 -> 27 | D23: =(VLOOKUP(B23,工资表!B24:G52,6,0)+VLOOKUP(B23,工资表!B24:H52,7,0))/工资表!F24*VLOOKUP(B23,考勤!B26:AI55,34,0) -> 3000 | E23: =VLOOKUP(B23,工资表!B24:S34,18,0) -> 6293.81 | F23: =D23-E23 -> -3293.81 | G23: 佣金
A24: 22 | B24: 闫金秀 | C24: =工资表!R25 -> 27 | D24: =(VLOOKUP(B24,工资表!B25:G53,6,0)+VLOOKUP(B24,工资表!B25:H53,7,0))/工资表!F25*VLOOKUP(B24,考勤!B27:AI56,34,0) -> 4000 | E24: =VLOOKUP(B24,工资表!B25:S35,18,0) -> 23579.89 | F24: =D24-E24 -> -19579.89 | G24: 佣金
A25: 23 | B25: 潘亦玹 | C25: =工资表!R26 -> 27 | D25: =(VLOOKUP(B25,工资表!B26:G54,6,0)+VLOOKUP(B25,工资表!B26:H54,7,0))/工资表!F26*VLOOKUP(B25,考勤!B28:AI57,34,0) -> 3000 | E25: =VLOOKUP(B25,工资表!B26:S36,18,0) -> 10748.73 | F25: =D25-E25 -> -7748.73 | G25: 佣金
A26: 24 | B26: 赵江龙 | C26: =工资表!R27 -> 27 | D26: =(VLOOKUP(B26,工资表!B27:G55,6,0)+VLOOKUP(B26,工资表!B27:H55,7,0))/工资表!F27*VLOOKUP(B26,考勤!B29:AI58,34,0) -> 3000 | E26: =VLOOKUP(B26,工资表!B27:S37,18,0) -> 22533.7 | F26: =D26-E26 -> -19533.7 | G26: 佣金
A27: 25 | B27: 张新艳 | C27: =工资表!R28 -> 27 | D27: =(VLOOKUP(B27,工资表!B28:G56,6,0)+VLOOKUP(B27,工资表!B28:H56,7,0))/工资表!F28*VLOOKUP(B27,考勤!B30:AI59,34,0) -> 4500 | E27: =VLOOKUP(B27,工资表!B28:S38,18,0) -> 5940 | F27: =D27-E27 -> -1440 | G27: 佣金
A28: 26 | B28: 刘宁宁 | C28: =工资表!R29 -> 27 | D28: =(VLOOKUP(B28,工资表!B29:G57,6,0)+VLOOKUP(B28,工资表!B29:H57,7,0))/工资表!F29*VLOOKUP(B28,考勤!B31:AI60,34,0) -> 3000 | E28: =VLOOKUP(B28,工资表!B29:S39,18,0) -> 9091.4 | F28: =D28-E28 -> -6091.4 | G28: 佣金
A29: 27 | B29: 米云鹤 | C29: =工资表!R30 -> 24 | D29: =(VLOOKUP(B29,工资表!B30:G58,6,0)+VLOOKUP(B29,工资表!B30:H58,7,0))/工资表!F30*VLOOKUP(B29,考勤!B32:AI61,34,0) -> 2666.6667 | E29: =VLOOKUP(B29,工资表!B30:S40,18,0) -> 6130.5167 | F29: =D29-E29 -> -3463.85 | G29: 佣金
... A31: 29 | B31: 李福晴 | C31: =工资表!R32 -> 27 | D31: =(VLOOKUP(B31,工资表!B32:G60,6,0)+VLOOKUP(B31,工资表!B32:H60,7,0))/工资表!F32*VLOOKUP(B31,考勤!B34:AI63,34,0) -> 4000 | E31: =VLOOKUP(B31,工资表!B32:S42,18,0) -> 10074.85 | F31: =D31-E31 -> -6074.85 | G31: 佣金
D32: =(VLOOKUP(B32,工资表!B33:G61,6,0)+VLOOKUP(B32,工资表!B33:H61,7,0))/工资表!F33*VLOOKUP(B32,考勤!B35:AI64,34,0) -> #N/A | E32: =VLOOKUP(B32,工资表!B33:S61,17,0) -> #N/A

Sheet 职务序列取数
B2: 职务序列 | C2: 月度基本工资比例 | D2: 月度绩效奖金比例 | E2: 年度奖金比例
B3: A1 | C3: 1 | D3: 0 | E3: 0
B4: A2 | C4: 0.375 | D4: 0.375 | E4: 0.25
B5: A3 | C5: 0.375 | D5: 0.375 | E5: 0.25
B6: A4 | C6: 0.375 | D6: 0.375 | E6: 0.25
B7: A5 | C7: 0.375 | D7: 0.375 | E7: 0.25
B8: M1 | C8: 0.51 | D8: 0.34 | E8: 0.15
B9: M2 | C9: 0.51 | D9: 0.34 | E9: 0.15
B10: M3 | C10: 0.51 | D10: 0.34 | E10: 0.15
B11: PM | C11: 0.7 | D11: 0.3 | E11: 0
B12: PB | C12: 0.8 | D12: 0.2 | E12: 0
B13: PA
